 Dungeon Crawl Stone Soup version 0.29-a0-409-gd843f3a48c (webtiles) character file.

Game seed: 17137528125885351913

1496 Strat the Summoner (level 8, 69/69 HPs)
             Began as a Hill Orc Summoner on May 13, 2022.
             Was an Initiate of Okawaru.
             Quit the game on level 7 of the Dungeon.
             The game lasted 00:19:04 (7089 turns).

Strat the Summoner (Hill Orc Summoner)              Turns: 7089, Time: 00:19:04

Health: 69/69      AC: 13    Str: 13    XL:     8   Next: 81%
Magic:  14/14      EV: 11    Int: 15    God:    Okawaru [......]
Gold:   299        SH:  4    Dex: 11    Spells: 2/15 levels left

rFire   . . .      SeeInvis .   a - +1 war axe (drain)
rCold   . . .      Faith    .   d - +0 buckler
rNeg    + . .      Spirit   .   f - +0 robe
rPois   .          Reflect  .   k - +0 helmet
rElec   .          Harm     .   l - +2 cloak
rCorr   .          Rampage  .   q - +0 pair of gloves
Will    .....                   y - +1 pair of boots
Stlth   +++.......              i - amulet "Zichat" {Regen+ Stlth+}
HPRegen 1.01/turn               r - +4 ring of protection
MPRegen 0.14/turn               t - ring of positive energy

@: no status effects
A: no striking features
a: Renounce Religion


You were on level 7 of the Dungeon.
You worshipped Okawaru.
Okawaru was noncommittal.
You visited 1 branch of the dungeon, and saw 7 of its levels.

You collected 299 gold pieces.

Inventory:

Hand Weapons
 a - a +1 war axe of draining (weapon)
 b - a +0 hunting sling
 u - a +4 dagger
Missiles
 e - 22 poisoned darts (quivered)
 h - 350 stones
Armour
 d - a +0 buckler (worn)
 f - a +0 robe (worn)
 k - a +0 helmet (worn)
 l - a +2 cloak (worn)
 q - a +0 pair of gloves (worn)
 y - a +1 pair of boots (worn)
Jewellery
 i - the amulet "Zichat" (around neck) {Regen+ Stlth+}
   (You acquired it on level 5 of the Dungeon)

   [amulet of regeneration]

   Regen:     It increases your rate of health regeneration.
   Stlth:     It makes you more stealthy.
 m - a ring of flight
 r - a +4 ring of protection (left hand)
 t - a ring of positive energy (right hand)
 v - an amulet of regeneration
 A - an amulet of the acrobat
Wands
 x - a wand of paralysis (5)
Scrolls
 j - a scroll of teleportation
 w - a scroll of silence
 D - a scroll of amnesia
Potions
 c - 2 potions of curing
 g - a potion of brilliance
 n - a potion of might
 o - 3 potions of berserk rage
 p - a potion of cancellation
 s - a potion of magic
 z - a potion of heal wounds
 B - 2 potions of lignification {unknown}
 C - 2 potions of haste


   Skills:
 + Level 5.5 Fighting
 - Level 1.5 Dodging
 - Level 1.5 Stealth
 - Level 4.0 Shields
 - Level 4.0 Spellcasting
 + Level 8.1 Summonings
 + Level 0.9 Air Magic


You had 2 spell levels left.
You knew the following spells:

 Your Spells              Type           Power      Damage    Failure   Level
a - Summon Small Mammal   Summ           100%       N/A       1%          1
b - Call Imp              Summ           27%        N/A       1%          2
c - Call Canine Familiar  Summ           27%        N/A       2%          3
d - Summon Guardian Gole  Hex/Summ       15%        N/A       13%         3
e - Summon Lightning Spi  Summ/Air       16%        N/A       34%         4

Your spell library contained the following spells:

 Spells                   Type           Power      Damage    Failure   Level
 Shock                    Conj/Air       16%        1d4       19%         1
 Pain                     Necr           12%        1d4       22%         1
 Swiftness                Air            5%         N/A       43%         3
 Dazzling Flash           Conj/Hex       6%         N/A       56%         3
 Portal Projectile        Hex/Tloc       6%         N/A       56%         3
 Vampiric Draining        Necr           3%         2d6       56%         3
 Airstrike                Air            2%         N/A       83%         4
 Iskenderun's Mystic Bla  Conj/Tloc      3%         2d3       92%         4
 Leda's Liquefaction      Hex/Erth       1%         N/A       92%         4
 Iskenderun's Battlesphe  Conj           3%         2d6       99%         5
 Iron Shot                Conj/Erth      1%         9d1       100%        6
 Starburst                Conj/Fire      1%         6d3       100%        6
 Animate Skeleton         Necr           Unusable   N/A       N/A         1
 Spellforged Servitor     Conj/Summ      Unusable   N/A       N/A         7

Dungeon Overview and Level Annotations

Branches:
Dungeon (7/15)
 Temple: D:4-7

Altars:
Cheibriados
Hepliaklqana
Okawaru
Trog
Xom

Shops:
D:2 =   D:7 [


Message History

Confirm with . or Enter, or press ? or * to list all spells.
Okay, then.
Unknown command.
The jelly quivers.
There is an open door here.
The jelly misses you.
You slash the jelly!
Your hands burn!
The jelly is severely wounded.
You block the jelly's attack.
You hit the jelly. You drain the jelly.
You kill the jelly!
Okawaru accepts your kill.
No target in view!
No target in view!
There is an open door here.
A white imp comes into view.
Found a stone staircase leading up.
The white imp shouts!
You slash the white imp!
The white imp is severely wounded.
You block the white imp's attack.
You barely miss the white imp.
The white imp is severely wounded.
The white imp hits you but does no damage.
The white imp gestures at you. The puff of frost hits you!
You completely miss the white imp.
The white imp is severely wounded.
The white imp closely misses you.
You hit the white imp.
You kill the white imp!
Okawaru accepts your kill.
No target in view!
No target in view!
HP restored.
You open the door.
Found Syfry's Armour Emporium.
There is an open door here.
There is an entrance to Syfry's Armour Emporium here.
Are you sure you want to abandon this character and quit the game? (Confirm with "yes".)

##..##.######.....#
##..##.#.....######
.......#.....#
.......#.....#
.......#.....#
.......#.....#
########.....###
#..............###
..............'@+
..............###.#
..................#
.............<...##
.................#
.................#
##+###############


There were no monsters in sight!

Vanquished Creatures
  A wyvern (D:4)
  A black bear (D:4)
  2 bullfrogs (D:6)
  A howler monkey (D:5)
  A jelly (D:7)
  An iron imp (D:5)
  3 iguanas (D:5)
  4 orc wizards
  6 adders
  A gnoll (D:2)
  A shadow imp (D:5)
  4 white imps
  2 dart slugs
  10 orcs
  7 ball pythons
  6 bats
  4 endoplasms
  4 giant cockroaches
  9 goblins
  5 hobgoblins
  4 jackals
  4 frilled lizards (D:1)
  9 kobolds
  4 rats
94 creatures vanquished.

Vanquished Creatures (collateral kills)
  2 water moccasins (D:5)
  A black bear (D:5)
  A scorpion (D:3)
  2 hounds
  2 iguanas (D:4)
  3 orc wizards
  Robin (D:3)
  4 gnolls (D:2)
  5 adders
  11 orcs
  An endoplasm (D:3)
  A giant cockroach (D:1)
  7 goblins
  5 hobgoblins
  A quokka (D:2)
  A ball python (D:4)
  4 kobolds
52 creatures vanquished.

Grand Total: 146 creatures vanquished

Notes
Turn   | Place    | Note
-------+----------+-------------------------------------------
     0 | D:1      | Strat the Hill Orc Summoner began the quest for the Orb.
     0 | D:1      | Reached XP level 1. HP: 14/14 MP: 3/3
   150 | D:1      | Reached XP level 2. HP: 19/22 MP: 1/4
   153 | D:1      | Reached skill level 1 in Fighting
   320 | D:1      | Found a faded altar of an unknown god.
   705 | D:1      | Reached XP level 3. HP: 25/28 MP: 5/5
  1208 | D:1      | Learned a level 2 spell: Call Imp
  1682 | D:2      | Found a bloodstained altar of Trog.
  1824 | D:2      | Found Fajinew's Jewellery Boutique.
  1973 | D:2      | Reached skill level 5 in Summonings
  1973 | D:2      | Reached XP level 4. HP: 37/37 MP: 3/6
  2212 | D:2      | Reached XP level 5. HP: 31/45 MP: 3/8
  2310 | D:2      | Learned a level 3 spell: Call Canine Familiar
  2970 | D:3      | Noticed Robin
  2985 | D:3      | Killed Robin
  3429 | D:3      | Reached XP level 6. HP: 51/51 MP: 2/10
  3803 | D:4      | Reached skill level 6 in Summonings
  4180 | D:4      | Noticed a wyvern
  4499 | D:4      | Noticed a black bear
  4528 | D:4      | Killed a black bear
  4622 | D:4      | Killed a wyvern
  4623 | D:4      | Reached skill level 7 in Summonings
  4623 | D:4      | Reached XP level 7. HP: 59/59 MP: 6/11
  5083 | D:5      | Entered Level 5 of the Dungeon
  5083 | D:5      | Found a shimmering altar of Xom.
  5141 | D:4      | Learned a level 3 spell: Summon Guardian Golem
  5312 | D:5      | Reached skill level 5 in Fighting
  5312 | D:5      | Reached skill level 1 in Shields
  5508 | D:5      | Reached XP level 8. HP: 68/68 MP: 8/12
  6110 | D:5      | Identified a scroll of acquirement
  6110 | D:5      | Acquired the amulet "Zichat" {Regen+ Stlth+}
  6310 | D:5      | Found a snail-covered altar of Cheibriados.
  6618 | D:6      | Reached skill level 8 in Summonings
  6668 | D:6      | Learned a level 4 spell: Summon Lightning Spire
  6945 | D:6      | Found an iron altar of Okawaru.
  6946 | D:6      | Found a hazy altar of Hepliaklqana.
  6965 | D:6      | Became a worshipper of Warmaster Okawaru
  7086 | D:7      | Found Syfry's Armour Emporium.
  7089 | D:7      | Quit the game

Illustrated notes

Levels and vault maps discovered:
D:1:      lemuel_arrival_lava_pool, layout_basic,
          ebering_ecumenical_altar_abandoned, kennysheep_boxes
D:2:      layout_rooms, serial_shops, nicolae_diamond_shop, basic_altar,
          minmay_increasing_density
D:3:      layout_loops_ring, st_stairs_13, uniq_robin
D:4:      layout_basic, serial_corexii_hall, corexii_hall_statues_deadend,
          chequers_hall_statues_y
D:5:      layout_cave_pools, slow_altar_2, nicolae_overflow_crystal_walls,
          minmay_misc_feat_nine_boxes, chequers_serial_rivers_micro_d,
          chequers_serial_rivers_micro_e
D:6:      layout_basic, gammafunk_temple_overflow_pools
D:7:      layout_gridville, mainiacjoe_overflow_brackets,
          minmay_temple_entry_fiery, serial_shops, kennysheep_mini,
          minmay_nine_imps

Skill      XL: |  1  2  3  4  5  6  7  8 |
---------------+-------------------------+-----
Fighting       | 1 2 3 4 5 |  5.5
Summonings     | 5 7 8 |  8.1
Spellcasting   | 2 3 4 |  4.0
Shields        | 3 4 |  4.0
Dodging        | |  1.5
Stealth        | |  1.5
Air Magic      | |  0.9

Action                   |  1- 3 |  4- 6 |  7- 9 || total
-------------------------+-------+-------+-------++-------
Melee: Dagger            |    68 |   103 |    52 ||   223
       Unarmed           |     3 |       |       ||     3
       War axe           |       |       |   135 ||   135
       Punch             |       |       |     1 ||     1
 Fire: Hunting sling     |       |    11 |       ||    11
Throw: Dart              |     3 |       |       ||     3
 Cast: Summon Small Mamm |    10 |     9 |     3 ||    22
       Call Imp          |     8 |    22 |    12 ||    42
       Call Canine Famil |       |     9 |    12 ||    21
       Summon Guardian G |       |       |     1 ||     1
Evoke: Wand              |       |     1 |       ||     1
  Use: Scroll            |       |    15 |     8 ||    23
       Potion            |       |       |     3 ||     3
 Stab: Sleeping          |     1 |     3 |       ||     4
       Distracted        |       |     1 |     2 ||     3
       Paralysed         |       |     5 |       ||     5
Armor: Robe              |    21 |    60 |   113 ||   194
Dodge: Dodged            |    52 |    98 |   151 ||   301
Block: Buckler           |       |       |    26 ||    26

Table legend: (Time is in decaauts)
 A = Elapsed time spent in this place.
 B = Non-inter-level travel time spent in this place.
 C = Inter-level travel time spent in this place.
 D = Time resting spent in this place.
 E = Time spent auto-exploring this place.
 F = Levels seen in this place.
 G = Mean time per level.
                   A        B        C        D        E       F      G
               +--------+--------+--------+--------+--------+-----+--------+
         Total |   7166 |   6851 |    315 |   1269 |   3768 |   7 | 1023.7 |
       Dungeon |   7166 |   6851 |    315 |   1269 |   3768 |   7 | 1023.7 |
               +--------+--------+--------+--------+--------+-----+--------+

Top non-repeatable levels by time:
     D:4: 1486 daAuts
     D:1: 1347 daAuts
     D:2: 1279 daAuts
     D:5: 1227 daAuts
     D:3: 1118 daAuts
     D:6: 612 daAuts
     D:7: 95 daAuts
